 Dungeon Crawl Stone Soup version 0.27-a0-1147-gb3d8e82157 (webtiles) character file.

Game seed: 13342098676182350625

30 reaven the Insei (level 3, -1/27 HPs)
             Began as a Djinni Transmuter on May 11, 2021.
             Slain by a shadow imp (5 damage)
             ... on level 2 of the Dungeon.
             The game lasted 00:09:28 (2248 turns).

reaven the Insei (Djinni Transmuter)                Turns: 2248, Time: 00:09:29

Health: -1/27      AC:  6    Str: 10    XL:     3   Next: 18%
Gold:   61         EV:  8    Int: 14    God:
                   SH:  0    Dex: 13

rFire    + + .     SeeInvis .     - Unarmed
rCold    x . .     Faith    .   (no shield)
rNeg     . . .     Spirit   .   c - +0 scale mail
rPois    ∞         Reflect  .   (no helmet)
rElec    .         Harm     .   (no cloak)
rCorr    .         Rampage  .   (no gloves)
Will     .....                  (boots unavailable)
Stlth    ..........             (no amulet)
HPRegen  0.09/turn              (no ring)
MPRegen  0.00/turn              (no ring)

@: brilliant, flying, very slightly contaminated
A: sickness immunity, fire resistance 2, cold vulnerability 1, float, innate
caster, hp casting, extra vitality 1
a: no special abilities


You were on level 2 of the Dungeon.
You visited 1 branch of the dungeon, and saw 2 of its levels.

You collected 61 gold pieces.

Inventory:

Missiles
 e - 5 stones
Armour
 c - a +0 scale mail (worn)
Magical Staves
 b - a staff of poison
Scrolls
 a - a scroll of teleportation


   Skills:
 * Level 1.1 Fighting
 + Level 1.2 Staves
 + Level 0.3 Armour
 + Level 2.3 Dodging
 + Level 3.4 Unarmed Combat
 + Level 2.0 Spellcasting


You couldn't memorise any spells.
You knew the following spells:

 Your Spells              Type           Power      Damage    Failure   Level
a - Beastly Appendage     Tmut           20%        N/A       56%         1
b - Wereblood             Tmut           10%        N/A       71%         2
c - Spider Form           Tmut/Pois      5%         N/A       91%         3
d - Ice Form              Ice/Tmut       10%        N/A       100%        4
e - Hydra Form            Tmut           5%         N/A       100%        5
f - Sandblast             Erth           20%        2d7       56%         1
Your spell library was empty.

Dungeon Overview and Level Annotations

Branches:
Dungeon (2/15)

Altars:


Innate Abilities, Weirdness & Mutations

You are immune to sickness and miasma.
You are immune to poison.
Your flesh is very heat resistant. (rF++)
You are vulnerable to cold. (rC-)
You float through the air rather than walking.
You learn spells naturally, not from books.
Your magical power is your life essence.
You have superior vitality. (+4 HP)


Message History

You hit the jackal.
You kill the jackal!
The jackal bites you but does no damage.
The jackal bites you but does no damage.
The shadow imp hits you but does no damage.
The jackal bites you but does no damage.
You miss the jackal.
The jackal bites you but does no damage.
The shadow imp hits you.
You hit the jackal.
The jackal is moderately wounded.
The jackal bites you.
You closely miss the jackal.
The jackal is moderately wounded.
The jackal bites you but does no damage.
The shadow imp barely misses you.
You closely miss the jackal.
The jackal is moderately wounded.
The jackal bites you.
The shadow imp hits you but does no damage.
The jackal bites you.
Your scale mail prevents you from hitting the jackal.
The jackal is moderately wounded.
The shadow imp hits you but does no damage.
The jackal bites you but does no damage.
You barely miss the jackal. The jackal closely misses you.
The shadow imp gestures at you. Pain shoots through your body!
* * * LOW HITPOINT WARNING * * *
You hit the jackal.
The jackal is severely wounded.
The jackal bites you but does no damage.
The shadow imp hits you but does no damage.
The jackal barely misses you.
You aren't carrying any potions.
As you read the scroll labelled GIUKLUOGIE, it crumbles to dust.
You feel aware of your surroundings.
It was a scroll of magic mapping.
The shadow imp shouts, "Get thee hence, thou euchred fool-headed frater!"
The shadow imp hits you.
You die...

###### ##### .....#
#...# ####.####
###...###
........#######.......#
####.##.##............#
#.##.##.####.@h...[# #
#.##.))....###5..###
####.#####.##.# #...#
......,,...#*,# #...#
####.#*##..#*,**#.(.#**
......,,....*,,,.....,*
...,,,,.....*,,,......*
####.####.#.#,,,,.....#
......,,..,..,,,,,,,,**


You could see a shadow imp and a jackal.

Vanquished Creatures
  A ball python (D:1)
  An endoplasm (D:2)
  A giant cockroach (D:1)
  4 goblins
  3 hobgoblins (D:1)
  2 jackals (D:2)
  4 kobolds
  A quokka (D:1)
  2 bats (D:1)
  A frilled lizard (D:1)
  7 rats
27 creatures vanquished.

Notes
Turn   | Place    | Note
-------+----------+-------------------------------------------
     0 | D:1      | reaven the Djinni Transmuter began the quest for the Orb.
     0 | D:1      | Reached XP level 1. HP: 17/17 MP: 0/0
   943 | D:1      | Reached XP level 2. HP: 17/22 MP: 0/0
  1925 | D:1      | Reached skill level 1 in Staves
  2128 | D:2      | Reached XP level 3. HP: 26/27 MP: 0/0
  2128 | D:2      | Learned a level 1 spell: Sandblast
  2248 | D:2      | Slain by a shadow imp

Illustrated notes

Levels and vault maps discovered:
D:1:      psy_arrival_whirlpool, layout_basic, minmay_tetromino_s2
D:2:      layout_loops_ring

Skill      XL: |  1  2 |
---------------+-------+-----
Spellcasting   | 2 |  2.0
Staves         | 1 |  1.2
Fighting       | |  1.1
Armour         | |  0.3
Dodging        | |  2.3
Unarmed Combat | |  3.4

Action                   || total
-------------------------++-------
Melee: Staff             ||    45
       Unarmed           ||    90
       Headbutt          ||     4
Throw: Stone             ||     1
 Cast: Beastly Appendage ||     6
  Use: Potion            ||     3
       Scroll            ||     2
Armor: Robe              ||    10
       Scale mail        ||    42
Dodge: Dodged            ||    77

Table legend: (Time is in decaauts)
 A = Elapsed time spent in this place.
 B = Non-inter-level travel time spent in this place.
 C = Inter-level travel time spent in this place.
 D = Time resting spent in this place.
 E = Time spent auto-exploring this place.
 F = Levels seen in this place.
 G = Mean time per level.
                   A        B        C        D        E       F      G
               +--------+--------+--------+--------+--------+-----+--------+
         Total |   2249 |   2213 |     36 |    892 |    884 |   2 | 1124.5 |
       Dungeon |   2249 |   2213 |     36 |    892 |    884 |   2 | 1124.5 |
               +--------+--------+--------+--------+--------+-----+--------+

Top non-repeatable levels by time:
     D:1: 2093 daAuts
     D:2: 156 daAuts
